 Dungeon Crawl Stone Soup version 0.20-a0-1078-g4874019 (webtiles) character file.

749 TuxedoFelix the Cleaver (level 7, -6/96 HPs)
             Began as a Minotaur Berserker on Apr 30, 2017.
             Was a Priest of Trog.
             Mangled by an iguana (10 damage)
             ... on level 4 of the Dungeon.
             The game lasted 00:20:17 (4668 turns).

TuxedoFelix the Cleaver (Minotaur Berserker)        Turns: 4668, Time: 00:20:18

Health: -6/96      AC:  2    Str: 28    XL:     7   Next: 48%
Magic:  6/6        EV: 12    Int:  4    God:    Trog [***...]
Gold:   125        SH:  0    Dex: 10    Spells: 6/6 levels left

rFire    . . .     SeeInvis .   a - +0 hand axe
rCold    . . .     Gourm    .   (no shield)
rNeg     . . .     Faith    .   b - +0 animal skin
rPois    .         Spirit   .   (helmet restricted)
rElec    .         Reflect  .   (no cloak)
rCorr    .         Harm     .   (no gloves)
MR       .....                  (no boots)
Stlth    ..........             (no amulet)
Regen    0.3/turn               (no ring)
MPRegen  0.1/turn               (no ring)

@: berserking, very quick
A: retaliatory headbutt, horns 2
a: Berserk, Trog's Hand, Burn Spellbooks, Renounce Religion


You were on level 4 of the Dungeon.
You worshipped Trog.
Trog was most pleased with you.
You were not hungry.

You visited 1 branch of the dungeon, and saw 4 of its levels.
You also visited: Sewer.

You collected 125 gold pieces.

Inventory:

Hand Weapons
 a - a +0 hand axe (weapon)
 A - a +0 war axe
Missiles
 t - 4 curare-tipped needles (quivered)
 x - 37 poisoned needles
Armour
 b - a +0 animal skin (worn)
 d - a +0 chain mail
 s - a +0 ring mail
Jewellery
 m - an uncursed amulet of magic regeneration {unknown}
Scrolls
 f - a scroll of noise {unknown}
 h - 3 scrolls of identify {unknown}
 j - 4 scrolls of remove curse {unknown}
 k - a scroll of magic mapping {unknown}
 n - a scroll of amnesia {unknown}
 p - a scroll of random uselessness {unknown}
 q - 3 scrolls of fear {unknown}
 u - a scroll of enchant armour {unknown}
 w - a scroll of enchant weapon {unknown}
 y - a scroll of teleportation {unknown}
Potions
 e - a potion of flight {unknown}
 g - 4 potions of agility {unknown}
 i - 5 potions of curing {unknown}
 l - a potion of might {unknown}
 o - 6 potions of heal wounds {unknown}
 r - 2 potions of brilliance {unknown}
Comestibles
 c - a bread ration
 v - a chunk of flesh
 z - a royal jelly


   Skills:
 + Level 6.8 Fighting
 * Level 8.9 Axes
 - Level 2.4 Armour
 - Level 2.1 Dodging


You had 6 spell levels left.
You didn't know any spells.

Dungeon Overview and Level Annotations

Branches:
Dungeon (4/15)
 Temple: D:4-7

Altars:
Ashenzari
Dithmenos
Elyvilon
Qazlal


Innate Abilities, Weirdness & Mutations

You reflexively headbutt those who attack you in melee.
You have a pair of horns on your head.


Message History

You hit the iguana but do no damage.
The iguana is heavily wounded.
The iguana bites you!
* * * LOW HITPOINT WARNING * * *
You hit the iguana. Your headbutt misses the iguana.
The iguana is severely wounded.
The iguana barely misses you.
You hit the iguana but do no damage.
The iguana is severely wounded.
The iguana closely misses you.
You hit the iguana but do no damage.
The iguana is severely wounded.
You hit the iguana.
The iguana is almost dead.
The iguana bites you!
* * * LOW HITPOINT WARNING * * *
A red film seems to cover your vision as you go berserk!
You feel yourself moving faster!
You feel mighty!
You feel quite a bit more hungry. The iguana bites you!
You die...

###### .... ..# ####....## ...
..#####......... ...
........#####... ..
..#####.####....
###.#...<............
.......####.###.##.. .. ..# #.l#
..# #.##..##.. ........ ##.@# #.#
#.##.##... ......#######...#
#.###.#..##.#.
..##.#...(...#.###.......###.##
#.##......####..)............##
###(##..###.# #.###.##...######
.......####<# ### #.###..###
..........#.########.#>.....#####
......###.#............#....##...
###.### #....<.....##.##.#.......


You could see an iguana.

Vanquished Creatures
  An eye of draining (D:4)
  3 big kobolds (Sewer)
  4 orc priests
  An orc wizard (D:4)
  2 worker ants (D:4)
  A hound zombie (D:3)
  5 river rats
  6 adders
  An ooze (D:1)
  3 worms
  2 dart slugs
  3 leopard geckos
  8 orcs
  17 giant cockroaches
  9 goblins
  2 hobgoblins (D:1)
  6 jackals
  3 quokkas (D:3)
  4 ball pythons (Sewer)
  8 bats
  3 frilled lizards
  15 kobolds
  29 rats
136 creatures vanquished.

Notes
Turn   | Place    | Note
-------+----------+-------------------------------------------
     0 | D:1      | TuxedoFelix the Minotaur Berserker began the quest for the Orb.
     0 | D:1      | Reached XP level 1. HP: 19/19 MP: 0/0
     9 | D:1      | Noticed an electric eel
    72 | D:1      | Reached XP level 2. HP: 27/27 MP: 1/1
    94 | D:1      | Reached skill level 4 in Axes
   731 | D:2      | Reached ** piety under Trog
   779 | D:2      | Reached XP level 3. HP: 29/33 MP: 2/2
  1084 | D:2      | Reached skill level 5 in Axes
  1558 | D:3      | Found a glowing drain.
  1586 | D:3      | Reached XP level 4. HP: 15/41 MP: 3/3
  1820 | Sewer    | Entered a sewer
  1914 | Sewer    | Reached *** piety under Trog
  1977 | Sewer    | Reached skill level 6 in Axes
  2277 | Sewer    | Noticed a big kobold
  2295 | Sewer    | Killed a big kobold
  2295 | Sewer    | Reached skill level 5 in Fighting
  2295 | Sewer    | Reached XP level 5. HP: 34/48 MP: 4/4
  2733 | Sewer    | Reached XP level 6. HP: 50/56 MP: 5/5
  2799 | Sewer    | Reached **** piety under Trog
  2828 | Sewer    | Reached skill level 7 in Axes
  3354 | D:3      | Found a white marble altar of Elyvilon.
  3415 | D:3      | Received a gift from Trog
  3546 | D:3      | Reached skill level 8 in Axes
  3996 | D:3      | Reached XP level 7. HP: 53/63 MP: 6/6
  4353 | D:4      | Found a shadowy altar of Dithmenos.
  4525 | D:4      | Found a stormy altar of Qazlal.
  4579 | D:4      | Found a shattered altar of Ashenzari.
  4667 | D:4      | HP: 3/64 [iguana (13)]
  4668 | D:4      | Mangled by an iguana

Vault maps used:
D:1:      arrival_aquarium_a, st_stairs_6, minmay_distorted
D:2:      minmay_roachtagon
D:3:      portal_sewer_entry_a, minivault_11, elyvilon_altar_4
D:4:      marbit_many_paths, nicolae_overflow_crystal_walls, ashenzari_altar_1
Sewer:    sewer_minmay_treatment

Skill      XL: |  1  2  3  4  5  6 |
---------------+-------------------+-----
Fighting       | 4 5 6 |  6.8
Axes           | 4 5 6 8 |  8.9
Armour         | |  2.4
Dodging        | |  2.1

Action                   |  1- 3 |  4- 6 |  7- 9 || total
-------------------------+-------+-------+-------++-------
Melee: Hand axe          |    77 |   156 |    50 ||   283
       Headbutt          |    12 |    23 |     8 ||    43
Invok: Berserk           |       |     2 |     2 ||     4
       Trog's Hand       |       |     1 |     1 ||     2
  Eat: Chunk             |     2 |     2 |     2 ||     6
       Bread ration      |       |     2 |     1 ||     3
Armor: Animal skin       |    18 |    20 |     2 ||    40
Dodge: Dodged            |    47 |    92 |    23 ||   162
